Map: Ruins of Endion

Players

Semper - Winner!

  • Race: Terran Terran
  • League: Master

Miszu

  • Race: Terran Terran
  • League: Master

VOD

Have the link to the VOD?

Description

Time

  • Played on: April 25, 2016, 6:28 p.m.
  • Length: 12:43
Show
View Real Time Build Order
Export as new Build Order

Semper Terran - Winner!

Build Orders: Liberator Opening, Reaper Expand, MMM Bio 

Get SALT Encoding   

  12  0:01  SCV  
  13  0:13  SCV  
  14  0:18  Supply Depot  
  14  0:25  SCV  
  15  0:40  SCV  
  15  0:42  Barracks  
  16  0:46  Refinery  
  16  0:52  SCV  
  18  1:04  SCV  
  18  1:16  SCV  
  19  1:29  Orbital Command  
  19  1:30  Reaper  
  20  1:45  Command Center  
  20  1:55  SCV  
  20  2:00  Supply Depot  
  21  2:02  Marine  
  21  2:07  SCV  
  23  2:13  Factory  
  23  2:22  SCV  
  24  2:23  Marine  
  24  2:27  Refinery  
  25  2:34  SCV  
  25  2:43  Marine  
  26  2:46  SCV  
  26  2:48  Bunker  
  27  2:57  Starport, Hellion  
  29  2:59  Orbital Command  
  28  3:06  Marine  
  26  3:13  SCV  
  26  3:17  Liberator  
  26  3:18  Orbital Command  
  26  3:19  Hellion  
  28  3:24  Marine  
  28  3:26  SCV  
  30  3:38  Engineering Bay  
  30  3:40  Factory Tech Lab  
  33  3:43  Marine  
  33  3:44  SCV  
  35  3:54  SCV  
  36  3:58  Siege Tank  
  36  4:01  Marine, SCV  
  41  4:07  Supply Depot  
  35  4:29  SCV  
  35  4:31  Siege Tank  
  37  4:33  Barracks  
  37  4:36  Barracks  
  34  4:39  Orbital Command  
  34  4:43  Marine  
  34  4:48  Missile Turret  
  33  4:53  Missile Turret  
  33  4:57  SCV  
  34  5:06  Viking  
  36  5:08  Barracks Reactor  
  36  5:09  Missile Turret  
  36  5:10  SCV  
  37  5:14  SCV  
  38  5:21  Cyclone  
  41  5:31  Barracks Tech Lab  
  41  5:32  Barracks Tech Lab  
  41  5:33  SCV  
  41  5:35  SCV  
  40  5:46  SCV  
  41  5:50  Stimpack  
  41  5:52  SCV  
  41  5:55  Marine x2, Combat Shields  
  40  6:04  Marine x2  
  40  6:06  Starport Reactor  
  40  6:07  SCV x2  
  44  6:13  Refinery, Marine  
  44  6:15  Supply Depot  
  44  6:17  Marine  
  46  6:21  SCV  
  46  6:22  Marine, SCV  
  49  6:27  Terran Infantry Weapons Level 1  
  49  6:33  Marine x2  
  49  6:34  SCV x2  
  49  6:39  Supply Depot  
  53  6:43  Marine x2  
  53  6:46  SCV  
  53  6:47  SCV  
  57  6:52  Medivac x2  
  61  6:58  SCV  
  61  7:01  Marine, SCV  
  62  7:02  Marine x3, Refinery  
  69  7:08  Siege Tank  
  69  7:10  SCV  
  70  7:17  Supply Depot  
  70  7:18  Supply Depot  
  70  7:19  SCV  
  70  7:21  Marine x3  
  74  7:29  Marine  
  74  7:34  SCV  
  76  7:39  Marine x2  
  76  7:40  Siege Tank  
  76  7:41  SCV  
  82  7:44  Marine  
  82  7:47  Marine  
  84  7:54  Supply Depot, SCV  
  84  7:56  Supply Depot  
  84  7:57  SCV  
  86  8:06  SCV  
  86  8:11  Command Center  
  87  8:12  Marine  
  87  8:13  Marine  
  87  8:16  SCV  
  87  8:19  Marine  
  92  8:27  Siege Tank  
  92  8:31  SCV x2  
  92  8:32  Marine x2  
  98  8:36  Medivac x2  
  102  8:43  Barracks  
  102  8:46  SCV x2  
  104  8:53  Barracks  
  104  8:56  Terran Infantry Armor Level 1  
  104  8:58  Marine, Sensor Tower  
  104  8:59  SCV  
  104  9:01  SCV  
  107  9:04  Marine x2  
  109  9:12  SCV  
  110  9:22  Supply Depot, Siege Tank, SCV  
  110  9:23  Supply Depot  
  114  9:25  SCV  
  114  9:30  Marine x2  
  113  9:48  SCV  
  113  9:50  Marine  
  113  9:51  Marine  
  115  9:53  Barracks Reactor x2  
  115  10:00  Marine x2  
  115  10:01  Siege Tank  
  115  10:05  Armory  
  115  10:06  Engineering Bay  
  120  10:08  Marine x2, Medivac x2  
  126  10:17  Marine  
  126  10:18  Marine  
  126  10:19  SCV x2  
  130  10:21  Orbital Command  
  130  10:24  Refinery  
  130  10:26  Refinery, Marine  
  131  10:31  Marine  
  131  10:32  Factory, Marine  
  132  10:40  Marine  
  128  10:44  Marine  
  128  10:45  SCV  
  128  10:46  SCV x2  
  123  10:57  SCV  
  123  10:58  Marine, SCV x2  
  123  10:59  Marine x5  
  132  11:06  Siege Tank  
  132  11:09  SCV  
  129  11:11  Marine  
  116  11:19  SCV  
  116  11:24  Marine x7  
  122  11:26  Factory Tech Lab  
  122  11:29  Marine  
  123  11:34  SCV  
  124  11:41  Marine  
  124  11:42  Marine x2  
  127  11:50  Siege Tank  
  127  11:52  SCV  
  131  11:54  Marine  
  131  11:55  Marine x4  
  131  11:59  Marine  
  131  12:00  Marine  
  131  12:01  Marine  
  139  12:05  Supply Depot  
  139  12:11  Supply Depot x2  
  139  12:12  Marine x2  
  139  12:14  Marine x3  
  137  12:17  Marine  
  137  12:18  Marine  
  137  12:19  Marine  
  112  12:27  SCV  
Show
View Real Time Build Order
Export as new Build Order

Miszu Terran 

Build Orders: 1/1/1, MMM Bio 

Get SALT Encoding   

  12  0:00  SCV  
  13  0:12  SCV  
  14  0:17  Supply Depot  
  14  0:24  SCV  
  14  0:27  Refinery  
  15  0:39  SCV  
  16  0:46  Barracks  
  16  0:51  SCV  
  16  0:57  Refinery  
  17  1:03  SCV  
  18  1:18  SCV  
  19  1:30  SCV  
  20  1:35  Factory  
  20  1:36  Reaper  
  21  1:45  Orbital Command  
  21  2:08  Reaper  
  22  2:13  Supply Depot  
  22  2:22  Hellion  
  23  2:23  Starport  
  23  2:34  SCV  
  24  2:40  Reaper  
  24  2:42  Supply Depot  
  24  2:44  Hellion  
  27  2:48  SCV  
  28  3:00  SCV  
  29  3:06  Supply Depot  
  29  3:17  Hellion  
  29  3:18  Medivac  
  33  3:20  Barracks Tech Lab  
  33  3:21  SCV  
  34  3:32  Supply Depot  
  34  3:40  Factory Tech Lab  
  34  3:45  SCV  
  34  3:46  Barracks Reactor  
  35  3:57  Command Center  
  35  4:01  Cloaking Field  
  35  4:09  Banshee  
  38  4:14  SCV  
  34  4:27  Marine  
  34  4:28  Marine  
  34  4:41  SCV  
  37  4:45  Marine x2, Siege Tank  
  40  4:55  Viking  
  39  5:03  Marine x2  
  39  5:13  SCV  
  40  5:28  SCV  
  41  5:37  Banshee  
  44  5:44  SCV  
  45  5:51  Orbital Command  
  45  5:57  SCV  
  37  6:09  SCV  
  37  6:10  Barracks  
  38  6:11  Refinery  
  38  6:12  Barracks  
  38  6:16  SCV  
  41  6:20  Siege Tank  
  41  6:21  SCV  
  43  6:28  SCV  
  43  6:29  Starport Reactor, Refinery  
  44  6:33  SCV  
  44  6:35  Engineering Bay  
  44  6:36  Engineering Bay  
  45  6:40  Marine  
  45  6:41  SCV, Stimpack  
  45  6:45  SCV  
  48  6:52  Siege Tank  
  48  6:53  SCV  
  52  6:57  Marine, SCV  
  51  7:05  Barracks Reactor, SCV  
  52  7:09  Barracks Tech Lab, SCV  
  52  7:14  Barracks Tech Lab  
  52  7:15  Supply Depot, Marine  
  53  7:17  Medivac x2, SCV  
  53  7:21  SCV  
  60  7:23  Terran Infantry Armor Level 1  
  60  7:26  Marine  
  60  7:27  Marine  
  60  7:29  Barracks  
  62  7:30  Barracks  
  62  7:33  Marine  
  62  7:36  Terran Infantry Weapons Level 1  
  63  7:42  Supply Depot  
  63  7:43  Supply Depot  
  62  7:44  Marine x2  
  62  7:45  Marine  
  62  7:51  Marine  
  65  7:54  Siege Tank  
  65  7:56  Medivac  
  73  8:02  Marine x2  
  73  8:03  Marine  
  73  8:05  Supply Depot x2  
  74  8:09  Marine, Medivac  
  77  8:15  Barracks Reactor  
  77  8:17  Barracks Reactor  
  76  8:20  Marine x2  
  78  8:29  Marine  
  78  8:31  Marine  
  80  8:35  Siege Tank  
  80  8:38  Marine x2  
  85  8:47  Marine  
  86  8:48  Marine  
  86  8:51  Marine  
  86  8:55  Marine x4, Medivac  
  90  9:00  Supply Depot  
  90  9:01  Command Center  
  94  9:05  Marine  
  94  9:06  Marine, Armory  
  96  9:11  Marine x2  
  96  9:12  Marine  
  96  9:15  Combat Shields  
  99  9:23  Marine  
  100  9:24  Marine x4  
  104  9:43  Marauder  
  106  9:50  Marine  
  106  9:53  Medivac x2  
  106  9:54  Marine  
  106  9:55  Terran Infantry Armor Level 2, Terran Infantry Weapons Level 2  
  111  10:06  Supply Depot  
  111  10:07  Supply Depot  
  111  10:09  Marine  
  111  10:10  Siege Tank  
  113  10:15  Sensor Tower  
  113  10:25  Marine x3  
  113  10:26  Marine x4  
  120  10:32  Marine, Medivac  
  123  10:43  Marine  
  123  10:49  Marine  
  124  10:50  Marine x6  
  124  11:01  Marine  
  124  11:02  Orbital Command  
  96  11:18  Marine  
  87  11:22  Marine  
  87  11:23  Marine x5  
  87  11:24  Marine  
  94  11:28  Siege Tank  
  97  11:33  Orbital Command  
  97  11:35  Marine  
  98  11:40  Marine x4  
  98  11:41  Marine x2  
  98  11:42  Marine  
  105  11:53  Marine  
  99  11:58  Marine x3  
  99  11:59  Medivac  
  99  12:00  Siege Tank  
Tags
 
Add a new tag
Caveats
  • Supply blocks, unpowered buildings, or Contaminate may cause inaccurate times.
  • Supply counts are checked every 10 seconds.